 Dungeon Crawl Stone Soup version 0.25.1-2-g60ff931df9 (webtiles) character file.

Game seed: 3313945741422686258

39 Almogavar the Charmwright (level 3, -1/31 HPs)
             Began as a Gnoll Skald on Sept 4, 2020.
             Slain by an orc (4 damage)
             ... on level 2 of the Dungeon.
             The game lasted 00:06:41 (1687 turns).

Almogavar the Charmwright (Gnoll Skald)             Turns: 1687, Time: 00:06:42

Health: -1/31      AC:  5    Str: 14    XL:     3   Next: 47%
Magic:  9/9        EV: 14    Int: 15    God:
Gold:   130        SH:  0    Dex: 14    Spells: 11/12 levels left

rFire    . . .     SeeInvis .   a - +0 falchion
rCold    . . .     Gourm    .   (no shield)
rNeg     . . .     Faith    .   b - +0 leather armour
rPois    .         Spirit   .   (no helmet)
rElec    .         Reflect  .   l - +0 cloak
rCorr    .         Harm     .   i - +0 pair of gloves
MR       +....                  (no boots)
Stlth    +.........             (no amulet)
HPRegen  0.10/turn              m - ring of protection from magic
MPRegen  0.11/turn              (no ring)

@: stab
A: distributed training, fangs 1, strong nose
a: no special abilities


You were on level 2 of the Dungeon.
You were not hungry.

You visited 1 branch of the dungeon, and saw 3 of its levels.

You collected 130 gold pieces.

Inventory:

Hand Weapons
 a - a +0 falchion (weapon)
Missiles
 g - 6 boomerangs (quivered)
Armour
 b - a +0 leather armour (worn)
 e - a +0 ring mail
 i - a +0 pair of gloves (worn)
 l - a +0 cloak (worn)
Jewellery
 m - a ring of protection from magic (left hand)
Scrolls
 f - a scroll of remove curse {unknown}
 k - a scroll of amnesia
 n - a scroll of magic mapping
Comestibles
 c - 8 chunks of flesh
 d - 8 rations


   Skills:
 + Level 4.5 Fighting
 + Level 0.8 Short Blades
 + Level 4.5 Long Blades
 + Level 0.8 Axes
 + Level 0.8 Maces & Flails
 + Level 0.8 Polearms
 + Level 0.8 Staves
 + Level 0.8 Slings
 + Level 0.8 Bows
 + Level 0.8 Crossbows
 + Level 0.8 Throwing
 + Level 2.6 Armour
 + Level 4.5 Dodging
 + Level 0.8 Stealth
 + Level 0.8 Shields
 + Level 0.8 Unarmed Combat
 + Level 5.0 Spellcasting
 + Level 0.5 Conjurations
 + Level 0.5 Hexes
 + Level 5.4 Charms
 + Level 0.5 Summonings
 + Level 0.5 Necromancy
 + Level 0.5 Translocations
 + Level 0.5 Transmutations
 + Level 0.5 Fire Magic
 + Level 0.5 Ice Magic
 + Level 0.5 Air Magic
 + Level 0.5 Earth Magic
 + Level 0.5 Poison Magic
 + Level 1.0 Invocations
 + Level 0.8 Evocations


You had 11 spell levels left.
You knew the following spells:

 Your Spells              Type           Power        Failure   Level  Hunger
a - Infusion              Chrm           ###.         2%          1    None

Your spell library contained the following spells:

 Spells                   Type           Power        Failure   Level  Hunger
 Song of Slaying          Chrm           ###.....     3%          2    ##.....
 Shroud of Golubria       Chrm/Tloc      ##....       9%          2    ##.....
 Ozocubu's Armour         Chrm/Ice       ##......     17%         3    ###....
 Spectral Weapon          Hex/Chrm       ##......     17%         3    ###....


Dungeon Overview and Level Annotations

Branches:
Dungeon (3/15)

Altars:


Innate Abilities, Weirdness & Mutations

Your experience applies equally to all skills.
You have very sharp teeth.
Your uncanny sense of smell can sniff out nearby items.


Message History

Beogh smites you!
* * * LOW HITPOINT WARNING * * *
You see here a quokka skeleton.
Things that are here:
a cursed -2 falchion; an orc skeleton It was a potion of stabbing.
You feel ready to backstab. The orc hits you but does no damage.
The orc priest looks braver for a moment.
There is a stone staircase leading up here.
The orc misses you.
You climb upwards.
There is a stone staircase leading down here.
You hit the orc but do no damage.
The orc is heavily wounded.
The orc closely misses you.
You closely miss the orc.
The orc is heavily wounded.
The orc hits you.
You die...

.## ..## ...# ######### ...#
#.......# ..[# #.......# #####
..## #>......####...# ..##
#.......##...#.# ...##
##.......?..#.#.# ....#
####@o......####...# ....#
#####...........###..####
..#.#####.....##.##..#####...#...
.##.......######.##.## ##..#.#...
...........<.....##.####..#......
..........#####..........##<.....
...........## #..................
............# #........#.........
............###........####...>..


You could see an orc.

Vanquished Creatures
  An ooze (D:1)
  3 orcs (D:3)
  4 bats
  3 giant cockroaches (D:1)
  3 hobgoblins
  4 jackals (D:1)
  2 kobolds
  A quokka (D:3)
  3 frilled lizards (D:1)
  3 goblins (D:1)
  3 rats
30 creatures vanquished.

Notes
Turn   | Place    | Note
-------+----------+-------------------------------------------
     0 | D:1      | Almogavar the Gnoll Skald began the quest for the Orb.
     0 | D:1      | Reached XP level 1. HP: 20/20 MP: 6/6
   342 | D:1      | Reached XP level 2. HP: 26/26 MP: 7/7
   813 | D:1      | Reached XP level 3. HP: 29/31 MP: 9/9
  1155 | D:2      | Reached skill level 5 in Spellcasting
  1663 | D:3      | Reached skill level 1 in Invocations
  1687 | D:2      | Slain by an orc

Illustrated notes

Levels and vault maps discovered:
D:1:      co_arrival_random_square_maze, layout_basic
D:2:      layout_rooms, grunt_decor_cap
D:3:      layout_rooms, first_ration, uniq_terence, uniq_grinder

Skill      XL: |  1  2  3 |
---------------+----------+-----
Spellcasting   | 5 |  5.0
Invocations    | 1 |  1.0
Fighting       | |  4.5
Short Blades   | |  0.8
Long Blades    | |  4.5
Axes           | |  0.8
Maces & Flails | |  0.8
Polearms       | |  0.8
Staves         | |  0.8
Slings         | |  0.8
Bows           | |  0.8
Crossbows      | |  0.8
Throwing       | |  0.8
Armour         | |  2.6
Dodging        | |  4.5
Stealth        | |  0.8
Shields        | |  0.8
Unarmed Combat | |  0.8
Conjurations   | |  0.5
Hexes          | |  0.5
Charms         | |  5.4
Summonings     | |  0.5
Necromancy     | |  0.5
Translocations | |  0.5
Transmutations | |  0.5
Fire Magic     | |  0.5
Ice Magic      | |  0.5
Air Magic      | |  0.5
Earth Magic    | |  0.5
Poison Magic   | |  0.5
Evocations     | |  0.8

Action                   || total
-------------------------++-------
Melee: Falchion          ||    79
       Bite              ||     7
Throw: Boomerang         ||    12
  Use: Scroll            ||     5
       Potion            ||     1
 Stab: Sleeping          ||     2
  Eat: Chunk             ||     2
Armor: Leather armour    ||    14
Dodge: Dodged            ||    56
       Rpst.: Falchion   ||    21
